 Dungeon Crawl Stone Soup version 0.20-a0-513-g02c11fc (webtiles) character file.

263 polly the Slasher (level 5, -5/46 HPs)
             Began as a Minotaur Gladiator on Jan 23, 2017.
             Was an Initiate of Okawaru.
             Slain by an iguana (9 damage)
             ... on level 4 of the Dungeon.
             The game lasted 00:04:35 (2575 turns).

polly the Slasher (Minotaur Gladiator)              Turns: 2575, Time: 00:04:35

Health: -5/46      AC:  5    Str: 18    XL:     5   Next: 97%
Magic:  4/4        EV: 14    Int:  5    God:    Okawaru [......]
Gold:   156        SH:  0    Dex: 13    Spells: 4/4 levels left

rFire    . . .     SeeInvis .   v - +3 quarterstaff (chaos)
rCold    . . .     Gourm    .   b - +0 leather armour
rNeg     . . .     Faith    .   (shield currently unavailable)
rPois    .         Spirit   .   c - +0 hat
rElec    .         Reflect  .   t - +0 cloak
rCorr    .         Harm     .   k - +0 pair of gloves (curse)
MR       .....                  (no boots)
Stlth    +.........             (no amulet)
Regen    0.2/turn               (no ring)
                                (no ring)

@: no status effects
A: retaliatory headbutt, horns 2
a: Renounce Religion


You were on level 4 of the Dungeon.
You worshipped Okawaru.
Okawaru was noncommittal.
You were not hungry.

You visited 1 branch of the dungeon, and saw 4 of its levels.

You collected 156 gold pieces.

Inventory:

Hand Weapons
 a - a +0 long sword
 v - a +3 quarterstaff of chaos (weapon)
Armour
 b - a +0 leather armour (worn)
 c - a +0 hat (worn)
 k - a cursed +0 pair of gloves (worn)
 t - a +0 cloak (worn)
Jewellery
 A - an uncursed ring of protection from cold {unknown}
Scrolls
 e - a scroll of fog {unknown}
 h - 7 scrolls of identify {unknown}
 i - 2 scrolls of teleportation {unknown}
 l - a scroll of remove curse {unknown}
 y - a scroll of immolation {unknown}
 z - a scroll of amnesia {unknown}
Potions
 d - 2 potions of resistance {unknown}
 g - 2 potions of heal wounds {unknown}
 o - a potion of curing {unknown}
 q - 2 potions of might {unknown}
 r - a potion of brilliance {unknown}
 s - a potion of magic {unknown}
 u - a potion of flight {unknown}
 w - a potion of beneficial mutation {unknown}
 x - a potion of degeneration {unknown}
Books
 p - a book of Changes

   Spells                             Type                      Level
   a - Beastly Appendage              Transmutation                1
   b - Sticks to Snakes               Transmutation                2
   c - Spider Form                    Transmutation/Poison         3
   d - Ice Form                       Ice/Transmutation            4
   e - Blade Hands                    Transmutation                5
Comestibles
 f - 4 bread rations
 j - 4 fruits
 m - 3 meat rations
 n - a royal jelly


   Skills:
 * Level 3.8 Fighting
 - Level 5.4 Long Blades
 + Level 1.2 Staves
 - Level 2.0 Throwing
 * Level 2.6 Armour
 * Level 4.8 Dodging


You had 4 spell levels left.
You didn't know any spells.

Dungeon Overview and Level Annotations

Branches:
Dungeon (4/15)
 Temple: D:4-7

Altars:
Dithmenos
Okawaru


Innate Abilities, Weirdness & Mutations

You reflexively headbutt those who attack you in melee.
You have a pair of horns on your head.


Message History

2 iguanas and an adder come into view.
The iguana hisses angrily. x2
Found a scroll labeled ZECZIQ BUCAO.
There is an open door here.
The iguana bites you.
The adder hisses angrily.
You sock the iguana! You freeze the iguana.
The iguana is severely wounded.
The iguana bites you. The iguana misses you.
You barely miss the iguana. Your headbutt misses the iguana.
The iguana is severely wounded.
The iguana barely misses you. The iguana bites you!
* * * LOW HITPOINT WARNING * * *
The adder barely misses you. The iguana bites you!
* * * LOW HITPOINT WARNING * * *
You closely miss the iguana. You headbutt the iguana.
The iguana is severely wounded.
The adder barely misses you. The iguana barely misses you.
The iguana bites you!
You die...

#.#...#
#.#########
#.#≈≈≈≈≈≈≈≈
#.#≈......
#.#≈.....
#.#≈...♣♣♣
#.#≈.....♣
#.#≈S...?♣
#('@l♣
###≈l....♣
#≈.....♣
#≈...♣♣♣
#≈.....
#≈......
#≈≈≈≈≈≈≈≈
#########


You could see 2 iguanas and an adder.

Vanquished Creatures
  A crimson imp (D:3)
  Crazy Yiuf (D:3)
  An orc wizard (D:3)
  An iguana (D:4)
  A worker ant (D:3)
  An adder (D:3)
  3 worms (D:2)
  5 dart slugs
  4 leopard geckos (D:1)
  4 orcs (D:3)
  8 bats
  9 giant cockroaches
  6 goblins
  10 hobgoblins
  6 jackals
  2 quokkas
  2 ball pythons
  4 frilled lizards
  9 kobolds
  4 rats
82 creatures vanquished.

Notes
Turn   | Place    | Note
-------+----------+-------------------------------------------
     0 | D:1      | polly the Minotaur Gladiator began the quest for the Orb.
     0 | D:1      | Reached XP level 1. HP: 18/18 MP: 0/0
   150 | D:1      | Reached XP level 2. HP: 25/25 MP: 1/1
   310 | D:1      | Reached skill level 4 in Long Blades
   343 | D:1      | Reached XP level 3. HP: 27/30 MP: 2/2
  1133 | D:2      | Reached XP level 4. HP: 38/38 MP: 3/3
  1657 | D:3      | Found an iron altar of Okawaru.
  1678 | D:3      | Became a worshipper of Warmaster Okawaru
  1815 | D:3      | Reached skill level 5 in Long Blades
  1837 | D:3      | Found a runed door.
  1911 | D:3      | Noticed Crazy Yiuf
  1916 | D:3      | Killed Crazy Yiuf
  1916 | D:3      | Reached XP level 5. HP: 23/45 MP: 4/4
  2178 | D:3      | Reached skill level 1 in Armour
  2235 | D:3      | Found a shadowy altar of Dithmenos.
  2421 | D:3      | Reached skill level 1 in Staves
  2575 | D:4      | Slain by an iguana

Vault maps used:
D:1:      dpeg_arrival_round_b, serial_bayou_ford_a
D:2:      minmay_cut_off
D:3:      overflow_temple_1_default, first_bread, okawaru_metal_pillars_3,
          uniq_crazy_yiuf_cottage
D:4:      overflow_temple_1_default, kennysheep_little_box,
          portal_sewer_entry_e, kennysheep_generic_room_16

Skill      XL: |  1  2  3  4  5 |
---------------+----------------+-----
Dodging        | 4 |  4.8
Long Blades    | 4 5 |  5.4
Fighting       | 3 |  3.8
Armour         | 2 |  2.6
Staves         | 1 |  1.2
Throwing       | |  2.0

Action                   |  1- 3 |  4- 6 || total
-------------------------+-------+-------++-------
Melee: Long sword        |    66 |    34 ||   100
       Headbutt          |    11 |    12 ||    23
       Quarterstaff      |       |    40 ||    40
 Stab: Sleeping          |     1 |       ||     1
  Eat: Chunk             |     1 |     4 ||     5
Armor: Leather armour    |    19 |    31 ||    50
Dodge: Dodged            |    58 |    62 ||   120
       Rpst.: Long sword |    15 |     5 ||    20
